 Dungeon Crawl Stone Soup version 0.29.1-4-g47bece8355 (webtiles) character file.

Game seed: 12124997837186890905

13832 DildoBatman the Geomancer (level 12, -10/72 (81) HPs)
             Began as a Formicid Conjurer on Dec 2, 2022.
             Was a High Priest of Kikubaaqudgha.
             Mangled by a seven-headed hydra (11 damage)
             ... on level 15 of the Dungeon.
             The game lasted 00:34:33 (10487 turns).

DildoBatman the Geomancer (Formicid Conjurer)      Turns: 10487, Time: 00:34:34

HP:   -10/72 (81)   AC: 14    Str: 13    XL:     12   Next: 37%
MP:   9/22          EV: 10    Int: 22    God:    Kikubaaqudgha [*****.]
Gold: 536           SH:  5    Dex: 14    Spells: 12/25 levels left

rFire   x . .      SeeInvis +   a - +5 mace "Otaosux" {venom, *Slow +Blink rF- rC+++}
rCold   + + +      Faith    +   J - +0 buckler
rNeg    + . .      Spirit   .   v - +5 ring mail "Vagout" {rN+ Dex+2}
rPois   .          Reflect  .   (helmet unavailable)
rElec   .          Harm     .   C - +0 cloak
rCorr   .          Rampage  .   y - +0 pair of gloves
Will    +....                   E - +0 pair of boots
Stlth   +.........              g - amulet of faith
HPRegen 0.22/turn               (no ring)
MPRegen 0.18/turn               (no ring)

@: very slightly contaminated, heavily drained
A: permanent stasis, dig shafts and tunnels, antennae 3, four strong arms
a: Dig, Shaft Self, Renounce Religion, Unearth Wretches, Torment


You were on level 15 of the Dungeon.
You worshipped Kikubaaqudgha.
Kikubaaqudgha was extremely pleased with you.
You visited 2 branches of the dungeon, and saw 15 of its levels.

You collected 536 gold pieces.

Inventory:

Hand Weapons
 a - the +5 mace "Otaosux" (weapon) {venom, *Slow +Blink rF- rC+++}
   (You took it off an orc on level 5 of the Dungeon)

   It poisons the flesh of those it strikes.
   rF:        It makes you vulnerable to fire.
   rC:        It renders you almost immune to cold.
   +Blink:    It lets you blink.
   *Slow:     It may slow you when you take damage.
 b - a +0 shortbow
Missiles
 s - 22 poisoned darts (quivered)
 x - 3 curare-tipped darts
 I - 5 throwing nets
Armour
 v - the +5 ring mail "Vagout" (worn) {rN+ Dex+2}
   (You found it on level 4 of the Dungeon)

   Dex:       It affects your dexterity (+2).
   rN:        It protects you from negative energy.
 y - a +0 pair of gloves (worn)
 C - a +0 cloak (worn)
 E - a +0 pair of boots (worn)
 J - a +0 buckler (worn)
 M - a +0 tower shield
 Q - a +2 robe of willpower
Magical Staves
 k - a staff of death
Jewellery
 g - an amulet of faith (around neck)
 m - an amulet of magic regeneration
 t - a ring of ice
Wands
 c - a wand of flame (16)
 A - a wand of paralysis (1)
 H - a wand of mindburst (6)
Scrolls
 e - 2 scrolls of enchant armour
 f - a scroll of enchant weapon {unknown}
 h - 2 scrolls of vulnerability
 i - 6 scrolls of teleportation
 l - 2 scrolls of blinking
 n - a scroll of summoning {unknown}
 p - 3 scrolls of fog
 u - 2 scrolls of brand weapon
 B - a scroll of magic mapping {unknown}
 D - a scroll of noise {unknown}
 G - a scroll of immolation {unknown}
 K - a scroll of silence {unknown}
 L - 2 scrolls of poison {unknown}
Potions
 d - 3 potions of degeneration {unknown}
 j - 3 potions of curing {unknown}
 o - 2 potions of resistance {unknown}
 q - a potion of flight {unknown}
 w - 5 potions of haste {unknown}
 z - a potion of might {unknown}
 N - 2 potions of invisibility {unknown}
 O - a potion of lignification {unknown}
 P - a potion of brilliance {unknown}


   Skills:
 - Level 3.0 Fighting
 - Level 3.0 Armour
 - Level 2.0 Dodging
 - Level 2.4 Stealth
 - Level 3.0 Shields
 - Level 7.0 Spellcasting
 - Level 6.0 Conjurations
 * Level 11.0 Necromancy
 - Level 7.3 Ice Magic
 * Level 11.9 Earth Magic


You had 12 spell levels left.
You knew the following spells:

 Your Spells              Type           Power      Damage    Failure   Level
a - Borgnjor's Vile Clut  Necr/Erth      27%        N/A       5%          5
b - Frozen Ramparts       Ice            80%        1d13      3%          3
c - Searing Ray           Conj           68%        2d6       2%          2
e - Magic Dart            Conj           100%       1d8       1%          1
z - Sublimation of Blood  Necr           54%        N/A       1%          2

Your spell library contained the following spells:

 Spells                   Type           Power      Damage    Failure   Level
 Necrotise                Necr           100%       1d9       1%          1
 Animate Dead             Necr           54%        N/A       2%          4
 Agony                    Necr           54%        N/A       6%          5
 Ensorcelled Hibernation  Hex/Ice        46%        N/A       7%          2
 Dazzling Flash           Conj/Hex       40%        N/A       19%         3
 Apportation              Tloc           14%        N/A       22%         1
 Summon Small Mammal      Summ           28%        N/A       22%         1
 Anguish                  Hex/Necr       16%        N/A       22%         4
 Call Imp                 Summ           7%         N/A       32%         2
 Death Channel            Necr           27%        N/A       34%         6
 Corpse Rot               Necr/Pois/Air  23%        N/A       43%         4
 Ice Form                 Ice/Tmut       23%        N/A       43%         4
 Fulminant Prism          Conj/Hex       10%        3d9       52%         4
 Iskenderun's Mystic Bla  Conj/Tloc      20%        2d6       52%         4
 Call Canine Familiar     Summ           7%         N/A       54%         3
 Summon Guardian Golem    Hex/Summ       7%         N/A       54%         3
 Simulacrum               Ice/Necr       24%        N/A       58%         6
 Alistair's Intoxication  Tmut/Pois      4%         N/A       99%         5
 Summon Hydra             Summ           3%         N/A       100%        7


Dungeon Overview and Level Annotations

Branches:
Dungeon (14/15)            Temple (1/1) D:5            Lair (0/5) D:8
    Orc (0/2) D:11
 Vaults: D:13-14

Altars:
Ashenzari
Cheibriados
Dithmenos
Elyvilon
Fedhas
Gozag
Hepliaklqana
Kikubaaqudgha
Makhleb
Nemelex Xobeh
Okawaru
Qazlal
Ru
Sif Muna
Trog
Uskayaw
Vehumet
Wu Jian
Xom
Yredelemnul
Zin
The Shining One

Shops:
D:15 [

Portals:
Gauntlet: D:15

Annotations:
D:13 Erolcha


Innate Abilities, Weirdness & Mutations

You cannot be hasted, slowed, berserked, paralysed or teleported.
You can dig through walls and to a lower floor.
You have a pair of large antennae on your head. (SInv)
Your four strong arms can wield two-handed weapons with a shield.


Message History

Okay, then.
You dig through the rock wall.
You feel drained.
The zombie hands lose their grip on something.
Casting: Borgnjor's Vile Clutch (dangerous; 5% risk of failure)
Confirm with . or Enter, or press ? or * to list all spells.
Aiming: Borgnjor's Vile Clutch (dangerous; 5% risk of failure)
Press: ? - help, Shift-Dir - straight line, f - seven-headed hydra, p - ogre mage
Aim: a seven-headed hydra (severely wounded, 100% to hit)
Okay, then.
The +5 mace "Otaosux" {venom, *Slow +Blink rF- rC+++} begins to drip with poison!
a - the +5 mace "Otaosux" (weapon)
{venom, *Slow +Blink rF- rC+++}
Casting: Borgnjor's Vile Clutch (dangerous; 5% risk of failure)
Confirm with . or Enter, or press ? or * to list all spells.
Aiming: Borgnjor's Vile Clutch (dangerous; 5% risk of failure)
Press: ? - help, Shift-Dir - straight line, f/p - ogre mage
Aim: an ogre mage, wielding a +0 halberd and wearing a +0 robe (severely wounded, slightly transparent, 100% to hit)
Zombie hands grab the seven-headed hydra.
Zombie hands grab the two-headed ogre.
Zombie hands grab the ogre mage.
The zombie hands constrict the seven-headed hydra.
The zombie hands constrict the ogre mage!
The zombie hands constrict the two-headed ogre!
The seven-headed hydra escapes!
The ogre mage points at the two-headed ogre and mumbles some strange words.
The two-headed ogre seems to speed up.
The two-headed ogre escapes!
Casting: Borgnjor's Vile Clutch (dangerous; 5% risk of failure)
Confirm with . or Enter, or press ? or * to list all spells.
Aiming: Borgnjor's Vile Clutch (dangerous; 5% risk of failure)
Press: ? - help, Shift-Dir - straight line, f - seven-headed hydra, p - ogre mage
Aim: a seven-headed hydra (severely wounded, 100% to hit)
You miscast Borgnjor's Vile Clutch.
You are very lightly contaminated with residual magic.
Nothing appears to happen.
The zombie hands constrict the ogre mage.
The seven-headed hydra bites you. The seven-headed hydra bites you!
You die...
Kikubaaqudgha rasps: "You have failed me!
Welcome... death!"

..........#
#..#
..........#
#..#
..........#
#)O#
..........#
#O.#
..........#
#..#
###########
##.# #O#
#D# #@# ###


You could see a seven-headed hydra, 2 two-headed ogres and an ogre mage
(invisible, clutched).

Vanquished Creatures
  Harold (D:11)
  A hydra (D:15)
  4 two-headed ogres
  4 ugly things (D:15)
  A manticore (D:11)
  An unseen horror (D:11)
  3 kobold demonologists (D:11)
  A troll (D:9)
  Sigmund (D:6)
  A vampire (D:11)
  A wraith (D:10)
  20 yaks
  A wyvern (D:9)
  2 basilisks
  A steam dragon (D:9)
  A swamp worm (D:7)
  Edmund (D:6)
  2 water moccasins
  An orc warrior (D:8)
  2 sky beasts
  An ogre (D:5)
  A centaur (D:7)
  2 kobold brigands
  2 gnoll sergeants
  3 bullfrogs
  3 necrophages
  A scorpion (D:5)
  3 wights
  3 killer bees (D:10)
  2 vampire bats (D:3)
  9 howler monkeys
  3 hounds
  3 jellies
  2 orc priests
  2 iguanas
  6 orc wizards
  Robin (D:2)
  11 adders
  11 gnolls
  4 shadow imps (D:7)
  A white imp (D:7)
  5 ufetubi
  3 worms (D:2)
  25 orcs
  6 ball pythons
  13 bats
  2 endoplasms
  4 giant cockroaches
  15 goblins
  3 hobgoblins (D:2)
  3 jackals
  A quokka (D:1)
  2 training dummies (D:5)
  2 frilled lizards
  14 kobolds
  6 rats
228 creatures vanquished.

Vanquished Creatures (others)
  3 plants (D:7)
3 creatures vanquished.

Grand Total: 231 creatures vanquished

Notes
Turn   | Place    | Note
-------+----------+-------------------------------------------
     0 | D:1      | DildoBatman the Formicid Conjurer began the quest for the
                  | Orb.
     0 | D:1      | Reached XP level 1. HP: 13/13 MP: 3/3
   219 | D:1      | Reached XP level 2. HP: 20/20 MP: 3/5
   222 | D:1      | Learned a level 2 spell: Searing Ray
   527 | D:1      | Reached skill level 1 in Fighting
   619 | D:1      | Reached skill level 1 in Armour
   687 | D:1      | Reached XP level 3. HP: 26/26 MP: 3/6
  1256 | D:2      | Noticed Robin
  1276 | D:2      | Reached XP level 4. HP: 29/33 MP: 2/8
  1769 | D:2      | Found a faded altar of an unknown god.
  1874 | D:2      | Reached XP level 5. HP: 35/38 MP: 3/9
  2302 | D:3      | Found a hide-covered altar of Uskayaw.
  2580 | D:4      | Identified the +5 ring mail "Vagout" {rN+ Dex+2}
  3470 | D:5      | Entered Level 5 of the Dungeon
  3525 | D:5      | Found a staircase to the Ecumenical Temple.
  3531 | Temple   | Entered the Ecumenical Temple
  3744 | Temple   | Became a worshipper of Kikubaaqudgha
  3783 | Temple   | Reached XP level 6. HP: 34/46 MP: 2/11
  3974 | D:2      | Killed Robin
  4109 | D:3      | Reached * piety under Kikubaaqudgha
  4109 | D:3      | Received a gift from Kikubaaqudgha
  4113 | D:3      | Got Sif Muna's Atlas of Hoarfrost and the Gathering
  4190 | D:5      | Reached XP level 7. HP: 46/52 MP: 0/13
  4248 | D:5      | Reached skill level 5 in Conjurations
  4303 | D:5      | Found a hazy altar of Hepliaklqana.
  4303 | D:5      | Found a shimmering altar of Xom.
  4304 | D:5      | Found a white marble altar of Elyvilon.
  4320 | D:5      | Identified the +5 mace "Otaosux" {venom, *Slow +Blink rF-
                  | rC+++}
  4391 | D:5      | Noticed a water moccasin
  4750 | D:5      | Reached skill level 5 in Spellcasting
  4847 | D:5      | Reached XP level 8. HP: 17/58 MP: 7/15
  4901 | D:5      | Learned a level 3 spell: Frozen Ramparts
  4959 | D:5      | Reached skill level 1 in Ice Magic
  5468 | D:6      | Noticed Sigmund
  5488 | D:6      | Killed Sigmund
  5509 | D:6      | Noticed Edmund
  5517 | D:6      | Killed Edmund
  5518 | D:6      | Reached XP level 9. HP: 53/63 MP: 3/19
  5664 | D:7      | Reached skill level 5 in Ice Magic
  5764 | D:7      | Reached ** piety under Kikubaaqudgha
  5992 | D:7      | Found a sacrificial altar of Ru.
  6279 | D:7      | Found an opulent altar of Gozag.
  6535 | D:8      | Reached skill level 1 in Shields
  6569 | D:8      | Reached *** piety under Kikubaaqudgha
  6569 | D:8      | Received a gift from Kikubaaqudgha
  6588 | D:8      | Reached skill level 1 in Necromancy
  6591 | D:8      | Learned a level 2 spell: Sublimation of Blood
  6597 | D:8      | Learned a level 5 spell: Borgnjor's Vile Clutch
  6616 | D:8      | Found a staircase to the Lair.
  6745 | D:8      | Noticed a two-headed ogre
  7136 | D:8      | Killed a two-headed ogre
  7137 | D:8      | Reached XP level 10. HP: 70/70 MP: 20/20
  7417 | D:9      | Reached skill level 5 in Earth Magic
  7550 | D:9      | Noticed a two-headed ogre
  7622 | D:9      | Killed a two-headed ogre
  7678 | D:9      | Reached skill level 5 in Necromancy
  8374 | D:10     | Entered Level 10 of the Dungeon
  8391 | D:10     | Reached XP level 11. HP: 73/75 MP: 12/21
  8469 | D:10     | Reached **** piety under Kikubaaqudgha
  9241 | D:11     | Noticed a boulder beetle
  9241 | D:11     | Noticed a centaur warrior
  9241 | D:11     | Noticed a rakshasa
  9242 | D:11     | Noticed Harold
  9254 | D:11     | Killed Harold
  9263 | D:11     | Reached skill level 10 in Earth Magic
  9279 | D:11     | Noticed a manticore
  9324 | D:11     | Killed a manticore
  9501 | D:11     | Found a staircase to the Orcish Mines.
  9714 | D:11     | Noticed a boulder beetle
  9741 | D:11     | You fall into a shaft and drop 3 floors!
 10057 | D:13     | Noticed Erolcha
 10057 | D:13     | Noticed a manticore
 10060 | D:13     | Noticed a manticore
 10067 | D:13     | You fall into a shaft and drop 2 floors!
 10067 | D:15     | Entered Level 15 of the Dungeon
 10273 | D:15     | Noticed a four-headed hydra
 10281 | D:15     | Killed a four-headed hydra
 10282 | D:15     | Reached skill level 10 in Necromancy
 10282 | D:15     | Reached XP level 12. HP: 81/81 MP: 2/22
 10377 | D:15     | Noticed a two-headed ogre
 10377 | D:15     | Noticed a two-headed ogre
 10383 | D:15     | Found Cuotsa's Antique Armour Shoppe.
 10396 | D:15     | Noticed a two-headed ogre
 10398 | D:15     | Noticed an ogre mage
 10398 | D:15     | Noticed a two-headed ogre
 10406 | D:15     | Noticed a two-headed ogre
 10429 | D:15     | Noticed a seven-headed hydra
 10462 | D:15     | Reached ***** piety under Kikubaaqudgha
 10465 | D:15     | Found a gate leading to a gauntlet.
 10470 | D:15     | Killed a two-headed ogre
 10479 | D:15     | HP: 3/81 [ogre mage/bolt of magma (25)]
 10480 | D:15     | Killed a two-headed ogre
 10487 | D:15     | HP: 1/72 [seven-headed hydra (4)]
 10487 | D:15     | Mangled by a seven-headed hydra

Illustrated notes

Levels and vault maps discovered:
D:1:      dpeg_arrival_brainrot, layout_basic, chequers_serial_rivers_micro_e
D:2:      layout_basic, nicolae_ecumenical_pavilion, minivault_14, uniq_robin
D:3:      minmay_wonky_spiral, layout_rooms, lemuel_crystal_altar, serial_glass,
          glass_columns_a, glass_columns_b, glass_columns_c, glass_columns_c,
          glass_columns_b, glass_columns_c, glass_columns_a, glass_columns_a,
          glass_columns_a, glass_columns_a, roderic_batcave
D:4:      layout_cave_pods
D:5:      dreamdust_elfheim, layout_layer_cave, gammafunk_temple_overflow_claw,
          temple_fountains
D:6:      layout_cave_pools, sigmund_edmund_badplayer
D:7:      layout_loops_ring, nicolae_gozag_cash_rules_everything_around_me,
          hangedman_ru_absence, serial_demonic, serial_demonic_g,
          serial_demonic_e, serial_demonic_d, serial_demonic_g, worms_lemuel
D:8:      layout_basic, lair_entry_dummy, serial_glass, glass_columns_a,
          glass_columns_c, glass_columns_c, glass_columns_a, glass_columns_a,
          glass_columns_a, glass_columns_c, glass_columns_b, feat_on_display,
          minmay_misc_feat_five
D:9:      layout_loops_cross, hangedman_decor_points, minmay_misc_feat_cross
D:10:     layout_basic
D:11:     minmay_the_grid_triangle_9x9_rhombus_full
          [minmay_the_grid_triangle_9x9_swiss_cheese,
          minmay_the_grid_triangle_9x9_corrupted_corridor,
          minmay_the_grid_triangle_9x9_subtriangle,
          minmay_the_grid_triangle_9x9_tough_junction,
          minmay_the_grid_triangle_9x9_flanged_cone,
          minmay_the_grid_triangle_9x9_descending_squares,
          minmay_the_grid_triangle_9x9_fully_insulated_deathbox,
          minmay_the_grid_triangle_9x9_prize_insulated], layout_loops_ring,
          grunt_ministairs_8, uniq_harold
D:13:     layout_rooms, erik_vaults_1, kennysheep_pointless_box, uniq_erolcha
D:14:     layout_basic, infiniplex_staircase_pillars_1, vehumet_crystals,
          uniq_lodul
D:15:     hangedman_depths_entry_civil_slaughter, layout_small_grid,
          serial_shops, shop, nicolae_lakefront_shop,
          nicolae_shop_overgrown_old_shop, shop, gauntlet_entry_generic
Temple:   nicolae_temple_slightly_damp_pantheon

Skill      XL: |  1  2  3  4  5  6  7  8  9 10 11 12 |
---------------+-------------------------------------+-----
Dodging        | 2 |  2.0
Fighting       | 1 2 3 |  3.0
Armour         | 1 2 3 |  3.0
Conjurations   | 4 5 6 |  6.0
Spellcasting   | 3 4 5 7 |  7.0
Ice Magic      | 4 7 |  7.3
Shields        | 3 |  3.0
Necromancy     | 2 6 10 11 | 11.0
Earth Magic    | 4 8 10 11 | 11.9
Stealth        | |  2.4

Action                   |  1- 3 |  4- 6 |  7- 9 | 10-12 || total
-------------------------+-------+-------+-------+-------++-------
Melee: Falchion          |    18 |    31 |       |       ||    49
       Quarterstaff      |       |    24 |     5 |       ||    29
       Mace              |       |       |    60 |   107 ||   167
 Fire: Shortbow          |       |       |     1 |    13 ||    14
Throw: Dart              |       |       |     6 |    14 ||    20
 Cast: Magic Dart        |    57 |    51 |    39 |     7 ||   154
       Searing Ray       |     4 |    15 |    33 |    13 ||    65
       Frozen Ramparts   |       |       |    10 |    19 ||    29
       Borgnjor's Vile C |       |       |       |    25 ||    25
       Sublimation of Bl |       |       |       |     4 ||     4
 Abil: Shaft Self        |       |       |       |     2 ||     2
       Dig               |       |       |       |     3 ||     3
Evoke: Wand              |       |       |     1 |    12 ||    13
  Use: Scroll            |       |       |       |     6 ||     6
       Potion            |       |       |       |     2 ||     2
 Stab: Sleeping          |     2 |     2 |     2 |     1 ||     7
Armor: Robe              |     7 |     1 |       |       ||     8
       Ring mail         |       |    76 |    57 |    61 ||   194
Dodge: Dodged            |    15 |    94 |    54 |    75 ||   238
Block: Buckler           |       |       |     2 |    25 ||    27
